 Dungeon Crawl Stone Soup version 0.17.0-22-g5edae84 (webtiles) character file.

229 ketsa the Chopper (level 6, -14/53 HPs)
             Began as a Hill Orc Abyssal Knight on Nov 12, 2015.
             Was a Believer of Lugonu.
             Demolished by a two-headed ogre
             ... wielding a +0 giant club
              (18 damage)
             ... on level 2 of the Dungeon.
             The game lasted 00:12:13 (5256 turns).

ketsa the Chopper (Hill Orc Abyssal Knight)         Turns: 5256, Time: 00:12:14

Health: -14/53     AC:  8    Str: 17    XL:     6   Next: 3%
Magic:  8/8        EV:  9    Int: 12    God:    Lugonu [**....]
Gold:   116        SH:  3    Dex: 10    Spells: 0 memorised, 5 levels left

rFire  . . .     SeeInvis .     a - +1 hand axe
rCold  . . .     Clarity  .     z - +0 scale mail
rNeg   . . .     SustAt   .     E - +0 buckler
rPois  .         Gourm    .     (no helmet)
rElec  .         Spirit   .     (no cloak)
rCorr  .         Warding  .     w - +0 pair of gloves
rMut   .         Stasis   .     (no boots)
MR     .....                    (no amulet)
Stlth  ..........               (no ring)
                                (no ring)

@: not resistant to hostile enchantments, extremely unstealthy
A: no striking features
a: Depart the Abyss, Bend Space, Renounce Religion


You were on level 2 of the Dungeon.
You worshipped Lugonu.
Lugonu was pleased with you.
You were not hungry.

You visited 1 branch of the dungeon, and saw 5 of its levels.
You visited the Abyss 1 time.

You collected 116 gold pieces.

Inventory:

Hand Weapons
 a - a +1 hand axe (weapon)
 B - a +0 blowgun
Missiles
 p - 49 poisoned needles
Armour
 b - a +0 leather armour
 g - a +0 plate armour
 i - a +1 leather armour of poison resistance
 s - a +0 scale mail
 w - a +0 pair of gloves (worn)
 z - a +0 scale mail (worn)
 E - a +0 buckler (worn)
 I - a +0 ring mail
Scrolls
 h - a scroll of enchant weapon {unknown}
 j - a scroll of random uselessness {unknown}
 k - 2 scrolls of remove curse {unknown}
 l - a scroll of fog {unknown}
 o - a scroll of immolation {unknown}
 q - 2 scrolls of blinking {unknown}
 t - 2 scrolls of identify {unknown}
 y - a scroll of teleportation {unknown}
 D - a scroll of magic mapping {unknown}
Potions
 d - 2 potions of lignification {unknown}
 e - a potion of curing
 f - a potion of brilliance {unknown}
 n - a potion of magic {unknown}
 v - a potion of agility {unknown}
 x - a potion of invisibility {unknown}
 A - a potion of haste {unknown}
 C - a potion of poison {unknown}
 F - a potion of might {unknown}
 G - a potion of cancellation {unknown}
Comestibles
 c - 5 bread rations
 m - 3 meat rations
 r - 2 slices of pizza
 u - 2 chunks of flesh
 H - a beef jerky


   Skills:
 + Level 4.6 Fighting
 * Level 5.5 Axes
 + Level 3.5 Armour
 - Level 0.7 Dodging
 + Level 0.4 Shields
 + Level 3.9 Invocations


You had 5 spell levels left.
You didn't know any spells.

Dungeon Overview and Level Annotations

Branches:
Dungeon (5/15)
 Temple: D:4-7

Altars:

Annotations:
D:2 exclusion: downstairs
D:4 Pikel


Message History

There is a stone staircase leading down here.
You hit the two-headed ogre.
The two-headed ogre is lightly wounded.
The two-headed ogre hits you with a giant club.
The two-headed ogre closely misses you.
You hit the two-headed ogre but do no damage.
The two-headed ogre is lightly wounded.
You hit the two-headed ogre.
The two-headed ogre is moderately wounded.
The two-headed ogre hits you with a giant club.
The two-headed ogre closely misses you.
You slash the two-headed ogre!
The two-headed ogre is heavily wounded.
The two-headed ogre barely misses you.
The two-headed ogre hits you with a giant club!
* * * LOW HITPOINT WARNING * * *
You hit the two-headed ogre but do no damage.
The two-headed ogre is heavily wounded.
The two-headed ogre hits you with a giant club!!
You die...

#####.# ###.##.#
#.....# #.##.# #.###.#
####.## #.# #.# #....
#.# #.# ######.##. #.#
#.# #.......#(
##.###.#### #.......#.
#.........####.......##
#.....@O...............
#.........####.......##
#.........# ######....
#.........# #####.
########### #.....
#.#### #.# #.# #.# #


You could see a two-headed ogre.

Vanquished Creatures
  A slave (D:4)
  A worker ant (D:4)
  A hound skeleton (D:4)
  7 adders
  4 gnolls
  An ooze (D:1)
  3 worms
  6 giant geckos
  2 orcs
  2 giant cockroaches
  9 goblins
  6 hobgoblins
  4 jackals
  4 quokkas
  8 bats
  4 giant newts
  8 kobolds
  6 rats
77 creatures vanquished.

Notes
Turn   | Place    | Note
--------------------------------------------------------------
     0 | Abyss:1  | ketsa the Hill Orc Abyssal Knight began the quest for the Orb.
     0 | Abyss:1  | Reached XP level 1. HP: 19/19 MP: 2/2
    49 | Abyss:1  | Noticed a neqoxec
   249 | Abyss:2  | Noticed a daeva
   250 | D:1      | Escaped the Abyss
   748 | D:1      | Reached XP level 2. HP: 24/27 MP: 3/3
  1742 | D:2      | Reached XP level 3. HP: 19/33 MP: 3/5
  2132 | D:2      | Reached * piety under Lugonu
  2132 | D:2      | Reached skill level 4 in Axes
  2433 | D:2      | Found a faded altar to an unknown god.
  2792 | D:3      | Reached XP level 4. HP: 29/40 MP: 6/6
  3384 | D:3      | Reached ** piety under Lugonu
  3384 | D:3      | Reached XP level 5. HP: 17/46 MP: 7/7
  3388 | D:3      | Reached skill level 5 in Axes
  3752 | D:3      | Noticed an ice beast
  4426 | D:5      | Entered Level 5 of the Dungeon
  4760 | D:4      | Reached XP level 6. HP: 49/53 MP: 8/8
  4865 | D:4      | Noticed Pikel
  4865 | D:4      | Noticed a slave
  4866 | D:4      | Noticed a slave
  4906 | D:4      | Noticed a slave
  4934 | D:4      | Killed a slave
  5135 | D:3      | Noticed a two-headed ogre
  5256 | D:2      | Demolished by a two-headed ogre

Action                   |  1- 3 |  4- 6 || total
-------------------------+-------+-------++-------
Melee: Hand axe          |   144 |   211 ||   355
Invok: Depart the Abyss  |     1 |       ||     1
       Bend Space        |       |     4 ||     4
  Eat: Chunk             |     6 |     9 ||    15
